 Dungeon Crawl Stone Soup version 0.25-a0-424-g80bd347ae0 (webtiles) character file.

Game seed: 2536103751407207252, levelgen mode: deterministic

1257 zorance the Ogre Mage (level 8, -6/78 HPs)
             Began as an Ogre Wizard on Jan 20, 2020.
             Was an Initiate of Ashenzari.
             Mangled by a gnoll sergeant
             ... wielding a +0 glaive
              (17 damage)
             ... in a bailey.
             The game lasted 00:22:22 (10665 turns).

zorance the Ogre Mage (Ogre Wizard)                Turns: 10665, Time: 00:22:23

Health: -6/78      AC:  3    Str: 12    XL:     8   Next: 51%
Magic:  2/17       EV: 15    Int: 21    God:    Ashenzari [......]
Gold:   326        SH:  4    Dex: 12    Spells: 9/19 levels left

rFire    + . .     SeeInvis .   B - +1 spear
rCold    + . .     Gourm    .   (no shield)
rNeg     . . .     Faith    .   a - +0 robe
rPois    .         Spirit   .   b - +0 hat
rElec    .         Reflect  +   H - scarf {rC+ rF+}
rCorr    .         Harm     .   (gloves unavailable)
MR       .....                  (boots unavailable)
Stlth    +++.......             e - +4 amulet of reflection (curse)
HPRegen  0.23/turn              (no ring)
MPRegen  0.15/turn              (no ring)

@: agile, very slightly contaminated
A: large, unfitting armour, tough skin 1
a: Curse Item, Renounce Religion


You were in a bailey.
You worshipped Ashenzari.
Ashenzari was noncommittal.
You were hungry.

You visited 2 branches of the dungeon, and saw 8 of its levels.
You also visited: Bailey.

You collected 326 gold pieces.

Inventory:

Hand Weapons
 j - the +9 dagger of Vokhla {vorpal, rElec Str+5 Int-3}
   (You found it on level 4 of the Dungeon)

   It inflicts extra damage upon your enemies.
   It affects your strength (+5).
   It affects your intelligence (-3).
   It insulates you from electricity.
 y - a +0 trident
 B - a +1 spear (weapon)
Missiles
 h - 51 poisoned darts (quivered)
 k - 2 throwing nets
 E - 6 curare-tipped darts
Armour
 a - a +0 robe (worn)
 b - a +0 hat (worn)
 H - a scarf of resistance (worn)
Jewellery
 e - a cursed +4 amulet of reflection (around neck)
 i - an uncursed amulet of the acrobat
Wands
 c - a wand of flame (17)
 u - a wand of clouds (6)
Scrolls
 f - 2 scrolls of remove curse
 m - a scroll of noise {unknown}
 n - a scroll of blinking {unknown}
 o - 2 scrolls of enchant armour
 s - a scroll of teleportation {unknown}
 w - a scroll of immolation {unknown}
 A - 3 scrolls of enchant weapon
 D - a scroll of fear {unknown}
 F - a scroll of amnesia
Potions
 g - a potion of resistance {unknown}
 l - 3 potions of heal wounds
 p - a potion of flight {unknown}
 q - 2 potions of lignification {unknown}
 r - a potion of brilliance {unknown}
 v - 2 potions of mutation {unknown}
 x - a potion of haste {unknown}
 z - a potion of ambrosia {unknown}
 C - a potion of curing
Comestibles
 d - 7 rations


   Skills:
 + Level 4.0 Fighting
 * Level 1.4 Polearms
 - Level 1.7 Dodging
 - Level 1.4 Stealth
 + Level 6.3 Spellcasting
 - Level 5.0 Conjurations
 - Level 3.0 Summonings
 + Level 1.3 Translocations
 - Level 2.0 Air Magic
 - Level 3.0 Poison Magic


You had 9 spell levels left.
You knew the following spells:

 Your Spells              Type           Power        Failure   Level  Hunger
a - Magic Dart            Conj           ####         1%          1    None
b - Call Imp              Summ           ###.....     4%          2    None
c - Mephitic Cloud        Conj/Pois/Air  ###.....     7%          3    #......
d - Slow                  Hex            #.......     14%         2    None
e - Blink                 Tloc           N/A          9%          2    None

Your spell library contained the following spells:

 Spells                   Type           Power        Failure   Level  Hunger
 Conjure Flame            Conj/Fire      ###.....     10%         3    #......


Dungeon Overview and Level Annotations

Branches:
Dungeon (7/15)             Temple (1/1) D:5          Bailey (1/1)

Altars:
Ashenzari
Dithmenos
Elyvilon
Fedhas
Gozag
Hepliaklqana
Kikubaaqudgha
Makhleb
Nemelex Xobeh
Okawaru
Ru
Sif Muna
Trog
Vehumet
Wu Jian
Xom
Yredelemnul
Zin
The Shining One

Annotations:
D:5 1 runed translucent door, Yorgos's ghost, amateur GnFi


Innate Abilities, Weirdness & Mutations

You are too large for most types of armour.
You have tough skin. (AC +1)


Message History

The gnoll sergeant hits you with a +0 glaive.
The gnoll completely misses you.
You hit the gnoll sergeant but do no damage.
The gnoll sergeant hits you with a +0 glaive.
You block the gnoll's attack.
You barely miss the gnoll sergeant. The gnoll misses you.
You block the gnoll sergeant's attack.
You completely miss the gnoll sergeant. You block the gnoll's attack.
Your crimson imp barely misses the gnoll sergeant.
The gnoll sergeant hits you with a +0 glaive!
You barely miss the gnoll sergeant.
The gnoll hits you from afar with a +0 spear.
Your crimson imp blinks!
You hit the gnoll sergeant but do no damage.
The gnoll sergeant hits you with a +0 glaive!
* * * LOW HITPOINT WARNING * * *
The gnoll hits you from afar with a +0 spear!
* * * LOW HITPOINT WARNING * * *
The gnoll sergeant hits you from afar with a +0 glaive!
You die...

♣≈ #...# ♣≈# #...#
♣≈. #)(.# ≈
♣≈.######'''######.≈
♣≈.................≈
♣≈≈..5............≈≈
♣≈≈≈≈≈≈≈.gg≈≈≈≈≈≈≈♣
♣...............♣
♣♣♣....)@÷)...♣♣
♣♣♣♣.......♣♣
♣♣.∩.♣♣♣♣ ♣♣.♣♣ ♣.♣
♣∩♣ ###


You could see a gnoll sergeant, a gnoll and a friendly crimson imp.

Vanquished Creatures
  A sky beast (D:6)
  2 gnoll sergeants (Bailey)
  2 scorpions (D:5)
  A howler monkey (D:4)
  A centaur zombie (D:5)
  3 hounds
  2 gnoll shamans (Bailey)
  2 bullfrog skeletons
  Ijyb (D:3)
  A worker ant (D:5)
  A killer bee zombie (D:6)
  6 gnolls
  4 adders
  An ooze (D:1)
  A worm (D:3)
  5 dart slugs
  A leopard gecko (D:4)
  10 orcs
  4 ball pythons
  10 bats
  8 giant cockroaches
  10 goblins
  13 hobgoblins
  10 jackals
  3 frilled lizards
  A giant cockroach zombie (D:5)
  6 kobolds
  A quokka zombie (D:5)
  8 rats
119 creatures vanquished.

Vanquished Creatures (collateral kills)
  A phantom (D:5)
  A sky beast (D:7)
  3 bullfrogs
  A scorpion (D:4)
  A quasit (D:6)
  2 orc priests
  3 hounds
  An orc wizard (D:4)
  An iguana (D:5)
  2 worker ants
  4 gnolls
  An adder (D:3)
  An adder zombie (D:6)
  7 orcs
  3 goblins (D:7)
  5 jackals
37 creatures vanquished.

Grand Total: 156 creatures vanquished

Notes
Turn   | Place    | Note
-------+----------+-------------------------------------------
     0 | D:1      | zorance the Ogre Wizard began the quest for the Orb.
     0 | D:1      | Reached XP level 1. HP: 16/16 MP: 5/5
    24 | D:1      | Reached skill level 1 in Conjurations
   171 | D:1      | Reached XP level 2. HP: 24/24 MP: 1/6
   178 | D:1      | Learned a level 2 spell: Call Imp
   582 | D:1      | Reached skill level 4 in Spellcasting
   681 | D:1      | Reached XP level 3. HP: 31/31 MP: 0/8
   686 | D:1      | Learned a level 3 spell: Mephitic Cloud
   689 | D:1      | Learned a level 2 spell: Slow
   692 | D:1      | Learned a level 2 spell: Blink
  2669 | D:2      | Reached XP level 4. HP: 39/39 MP: 8/10
  3060 | D:3      | Reached skill level 1 in Summonings
  3499 | D:3      | Noticed Ijyb
  3536 | D:3      | Killed Ijyb
  4130 | D:3      | Reached XP level 5. HP: 45/45 MP: 2/11
  4510 | D:3      | Found an opulent altar of Gozag.
  5632 | D:4      | Reached XP level 6. HP: 44/53 MP: 7/13
  5682 | D:4      | Reached skill level 1 in Poison Magic
  5774 | D:4      | Found a hazy altar of Hepliaklqana.
  5842 | D:4      | Reached skill level 1 in Air Magic
  6089 | D:4      | Reached skill level 5 in Spellcasting
  6419 | D:4      | Found a burning altar of Makhleb.
  6433 | D:4      | Got an iridescent dagger
  6734 | D:5      | Entered Level 5 of the Dungeon
  7017 | D:5      | Found a runed translucent door.
  7017 | D:5      | Noticed Yorgos's ghost (amateur GnFi)
  7377 | D:5      | Reached XP level 7. HP: 46/61 MP: 8/14
  7666 | D:5      | Reached skill level 1 in Fighting
  7870 | D:5      | Found a staircase to the Ecumenical Temple.
  7915 | Temple   | Entered the Ecumenical Temple
  8038 | Temple   | Became a worshipper of Ashenzari the Shackled
  8108 | D:5      | Found a bloodstained altar of Trog.
  9447 | D:6      | HP: 2/66 [something (6)]
  9451 | D:6      | Reached XP level 8. HP: 27/74 MP: 7/16
  9871 | D:6      | Found a shadowy altar of Dithmenos.
  9876 | D:6      | Reached skill level 6 in Spellcasting
 10004 | D:6      | Found a blossoming altar of Fedhas.
 10235 | D:7      | Found a flagged portal.
 10338 | Bailey   | Entered a bailey
 10344 | Bailey   | Reached skill level 5 in Conjurations
 10602 | Bailey   | Reached skill level 1 in Translocations
 10615 | Bailey   | Reached skill level 1 in Polearms
 10665 | Bailey   | Mangled by a gnoll sergeant

Levels and vault maps discovered:
D:1:      dpeg_arrival_arbitrary_b, layout_basic
D:2:      layout_basic, minmay_worlds_worst_comb
D:3:      layout_loops_ring, grunt_gozag_breadcrumbs, first_ration, uniq_ijyb
D:4:      layout_cave_pools, nicolae_overflow_hidden_temple,
          lemuel_crystal_altar
D:5:      layout_basic, minmay_temple_entry_mist,
          hellmonk_ghost_happy_afterlife, minmay_strange_pillars,
          trog_hazing_becter
D:6:      layout_basic, lemuel_doored_altar, grunt_dithmenos_smoke_and_mirrors
D:7:      layout_basic, enter_bailey_3
Temple:   jpeg_temple_clearing
Bailey:   bailey_polearm_gnolls_kennysheep, bailey

Skill      XL: |  1  2  3  4  5  6  7  8 |
---------------+-------------------------+-----
Conjurations   | 1 2 3 4 5 |  5.0
Spellcasting   | 4 5 6 |  6.3
Summonings     | 1 2 3 |  3.0
Poison Magic   | 2 3 |  3.0
Air Magic      | 2 |  2.0
Fighting       | 2 4 |  4.0
Translocations | 1 |  1.3
Polearms       | 1 |  1.4
Dodging        | |  1.7
Stealth        | |  1.4

Action                   |  1- 3 |  4- 6 |  7- 9 || total
-------------------------+-------+-------+-------++-------
Melee: Unarmed           |     7 |       |       ||     7
       Club              |    11 |       |       ||    11
       Flail             |       |    31 |       ||    31
       Spear             |       |    16 |    62 ||    78
       Trident           |       |       |    34 ||    34
Throw: Dart              |       |    15 |       ||    15
 Cast: Magic Dart        |    97 |   143 |    58 ||   298
       Call Imp          |       |    36 |    34 ||    70
       Mephitic Cloud    |       |     4 |     7 ||    11
Invok: Curse Item        |       |       |     1 ||     1
  Use: Scroll            |       |     6 |     1 ||     7
       Potion            |       |     2 |     2 ||     4
 Stab: Confused          |       |       |     1 ||     1
  Eat: Chunk             |     5 |    12 |     9 ||    26
       Ration            |       |     1 |       ||     1
Armor: Robe              |    14 |    24 |    15 ||    53
Dodge: Dodged            |    14 |    71 |    48 ||   133
Block: Other             |       |       |    20 ||    20

Table legend:
 A = Non-vault XP
 B = Vault XP
 C = Vault XP percentage of total XP
 D = Non-vault monster count
 E = Vault monster count
 F = Vault count percentage of total count
                 A         B        C        D         E       F
            +---------+---------+-------+---------+---------+-------
      Total |    1466 |     331 |  18.4 |     127 |      29 |  18.6
            +---------+---------+-------+---------+---------+-------
        D:1 |      53 |       0 |   0.0 |      26 |       0 |   0.0
        D:2 |      25 |      10 |  28.6 |      14 |       5 |  26.3
        D:3 |     200 |      27 |  11.9 |      41 |       1 |   2.4
        D:4 |     247 |       0 |   0.0 |      19 |       0 |   0.0
        D:5 |     388 |      12 |   3.0 |      10 |       6 |  37.5
        D:6 |     367 |       0 |   0.0 |      13 |       0 |   0.0
        D:7 |     186 |       5 |   2.6 |       4 |       4 |  50.0
     Bailey |       0 |     277 | 100.0 |       0 |      13 | 100.0
            +---------+---------+-------+---------+---------+-------
